 Dungeon Crawl Stone Soup version 0.17-a0-688-g21a41e9 (webtiles) character file.

1467 Chiseanne the Nimble (level 8, -3/37 HPs)
             Began as a Spriggan Assassin on Apr 19, 2015.
             Was an Initiate of Gozag.
             Killed from afar by an orc wizard (11 damage)
             ... with a magic dart
             ... on level 6 of the Dungeon.
             The game lasted 00:23:45 (6370 turns).

Chiseanne the Nimble (Spriggan Assassin)            Turns: 6370, Time: 00:23:46

Health: -3/37      AC:  4    Str:  7    XL:     8   Next: 48%
Magic:  9/9        EV: 29    Int: 13    God:    Gozag
Gold:   523        SH:  0    Dex: 19    Spells: 0 memorised, 7 levels left

rFire  . . .     SeeInvis +     s - +3 whip (elec)
rCold  . . .     Clarity  .     c - +0 robe
rNeg   + . .     SustAb   .     (shield restricted)
rPois  .         Gourm    .     (helmet restricted)
rElec  .         Spirit   .     F - +1 cloak
rCorr  .         Warding  .     (gloves unavailable)
rMut   .         Stasis   .     (boots unavailable)
MR     +....                    (no amulet)
Stlth  +++++++...               A - ring of positive energy
                                t - ring of stealth

@: very quick, somewhat resistant to hostile enchantments, extremely stealthy
A: unfitting armour, see invisible, herbivore 3, speed 3, slow metabolism 2
a: Potion Petition, Call Merchant, Bribe Branch, Renounce Religion


You were on level 6 of the Dungeon.
You worshipped Gozag.
Gozag was noncommittal.
You were not hungry.

You visited 2 branches of the dungeon, and saw 7 of its levels.

You collected 613 gold pieces.
You paid 90 gold pieces to Gozag.

Inventory:

Hand weapons
 a - a +3 dagger of protection
 d - a +2 short sword of flaming
 n - a cursed -2 rapier
 q - a +0 hand crossbow
 s - a +3 whip of electrocution (weapon)
 w - a +0 blowgun
Missiles
 e - 74 poisoned needles
 f - 2 curare-tipped needles
 h - 72 sling bullets
 k - 14 bolts
 B - 8 needles of sleeping
 H - 5 tomahawks of returning (quivered)
Armour
 c - a +0 robe (worn)
 F - a +1 cloak (worn)
Jewellery
 t - a ring of stealth (left hand)
 A - a ring of positive energy (right hand)
Magical devices
 v - a wand of digging (5)
 C - a wand of disintegration (3)
 G - a wand of random effects (43)
Scrolls
 i - 5 scrolls of remove curse
 m - 4 scrolls of teleportation
 r - 3 scrolls of enchant armour
 x - a scroll of recharging
 y - a scroll of fear
Potions
 b - a potion of mutation
 j - 2 potions of curing
 l - a potion of brilliance
 o - a potion of restore abilities
 p - a potion of ambrosia
 u - a potion of magic {unknown}
 z - 2 potions of beneficial mutation {unknown}
 D - 3 potions of poison {unknown}
Comestibles
 g - 4 bread rations
 E - 4 fruits


   Skills:
 - Level 1.5 Fighting
 - Level 2.1 Short Blades
 - Level 2.1 Throwing
 * Level 11.6 Dodging
 * Level 11.5 Stealth


You had 7 spell levels left.
You didn't know any spells.

Dungeon Overview and Level Annotations

Branches:
Dungeon (6/15)             Temple (1/1) D:4

Altars:
Ashenzari
Elyvilon
Gozag
Kikubaaqudgha
Okawaru
Qazlal
Ru
Sif Muna
Vehumet


Innate Abilities, Weirdness & Mutations

You are tiny and cannot use many weapons and most armour.
You have supernaturally acute eyesight.
You are a herbivore.
You cover ground extremely quickly.
You need consume almost no food.


Message History

Drink which item? (? for menu, Esc to quit)
You feel better.
Drink which item? (? for menu, Esc to quit)
You feel better.
An orc comes into view. It is wielding a club.
You whack the orc priest!
The orc priest is heavily wounded.
The orc wizard casts a spell at you. The magic dart hits you!
The orc priest invokes the aid of Beogh against you.
Something smites you!
* * * LOW HITPOINT WARNING * * *
The orc wizard completely misses you.
You hear a shout!
Drink which item? (? for menu, Esc to quit)
You feel better. The orc priest misses you.
The orc wizard points at you and mumbles some strange words.
The magic dart hits you!
You die...
Your body crumbles into a pile of gold.

#...###.##..#
#...###....#
#.#.##...###
#.#........##
#.#>.....$..#
#.#.#....)#..#
..#.#...).#
.o#
#.#.#....[#
o.#
..#.#.)o@>#
..#
#.#l###o### .
.##.# #o# # a
#.. ####


You could see an orc priest, an orc wizard and an orc.

Vanquished Creatures
  A sky beast (D:5)
  An ice beast (D:5)
  An ogre (D:3)
  A phantom (D:6)
  2 centaurs (D:6)
  A water moccasin zombie (D:6)
  A giant frog (D:6)
  2 scorpions
  A centaur skeleton (D:5)
  A jelly (D:5)
  Crazy Yiuf (D:6)
  A giant frog skeleton (D:5)
  2 orc priests
  5 orc wizards
  3 worker ants
  2 iguanas
  13 adders
  2 oozes
  2 worms
  5 giant geckos
  25 orcs
  9 bats
  A bat zombie (D:6)
  3 giant cockroaches
  15 goblins
  12 hobgoblins
  21 jackals
  A ball python (D:5)
  6 giant newts
  A jackal skeleton (D:5)
  16 kobolds
  4 quokkas
  16 rats
178 creatures vanquished.

Notes
Turn   | Place    | Note
--------------------------------------------------------------
     0 | D:1      | Chiseanne, the Spriggan Assassin, began the quest for the Orb.
     0 | D:1      | Reached XP level 1. HP: 10/10 MP: 2/2
    26 | D:1      | Reached skill level 6 in Stealth
   115 | D:1      | Reached XP level 2. HP: 12/14 MP: 3/3
   213 | D:1      | Reached skill level 7 in Stealth
   625 | D:1      | Reached XP level 3. HP: 16/18 MP: 4/4
  1135 | D:2      | Reached skill level 8 in Stealth
  1357 | D:2      | Reached XP level 4. HP: 17/22 MP: 5/5
  1512 | D:2      | Reached skill level 9 in Stealth
  2089 | D:3      | Reached XP level 5. HP: 19/25 MP: 6/6
  2124 | D:3      | Noticed an ogre
  2215 | D:3      | Killed an ogre
  2215 | D:3      | Reached skill level 10 in Stealth
  2830 | D:3      | Found a deep blue altar of Sif Muna.
  2848 | D:3      | Reached XP level 6. HP: 30/30 MP: 7/7
  3247 | D:4      | Found a radiant altar of Vehumet.
  3583 | D:4      | Reached skill level 5 in Dodging
  3623 | D:4      | Found a staircase to the Ecumenical Temple.
  3633 | Temple   | Entered the Ecumenical Temple
  3640 | Temple   | Became a worshipper of Gozag Ym Sagoz the Greedy
  3926 | D:5      | Entered Level 5 of the Dungeon
  3967 | D:5      | Found a white marble altar of Elyvilon.
  3968 | D:5      | Found a shattered altar of Ashenzari.
  4245 | D:5      | Reached XP level 7. HP: 33/33 MP: 8/8
  5492 | D:6      | Reached skill level 10 in Dodging
  5492 | D:6      | Reached skill level 11 in Stealth
  5492 | D:6      | Reached XP level 8. HP: 37/37 MP: 9/9
  6075 | D:6      | Noticed Crazy Yiuf
  6095 | D:6      | Killed Crazy Yiuf
  6194 | D:6      | Found an iron altar of Okawaru.
  6370 | D:6      | Killed from afar by an orc wizard

Action                   |  1- 3 |  4- 6 |  7- 9 || total
-------------------------+-------+-------+-------++-------
Melee: Dagger            |    98 |   184 |    99 ||   381
       Whip              |       |    40 |    59 ||    99
 Fire: Blowgun           |    28 |    40 |    30 ||    98
       Hand crossbow     |       |    10 |       ||    10
  Use: Scroll            |     4 |    11 |     2 ||    17
       Potion            |       |       |     3 ||     3
 Stab: Sleeping          |     5 |    19 |    10 ||    34
       Distracted        |     1 |     2 |     1 ||     4
  Eat: Bread ration      |       |     1 |       ||     1
